 Dungeon Crawl Stone Soup version 0.31-a0-771-g505c3d19dc (webtiles) character file.

Game seed: 7233480714528399933

5 Psyclone the Stinger (level 1, 0/11 HPs)
             Began as an Octopode Venom Mage on Sept 17, 2023.
             Slain by an adder (3 damage)
             ... on level 2 of the Dungeon.
             The game lasted 00:00:38 (128 turns).

Psyclone the Stinger (Octopode Venom Mage)           Turns: 128, Time: 00:00:39

Health: 0/11       AC:  1    Str:  7    XL:     1   Next: 80%
Magic:  0/3        EV: 13    Int: 17    God:
Gold:   11         SH:  0    Dex: 12    Spells: 3/4 levels left

rFire   . . .        (no weapon)
rCold   . . .        (no shield)
rNeg    . . .        (helmet restricted)
rPois   .            (no amulet)
rElec   .            (no ring)
rCorr   .            (no ring)
SInv    .            (no ring)
Will    .....        (no ring)
Stlth   +++          (no ring)
HPRegen 0.21/turn    (no ring)
MPRegen 0.08/turn    (no ring)
                     (no ring)

%: no passive effects
@: lethally poisoned (0 -> -4), very slightly contaminated
A: almost no armour, amphibious, 8 rings, camouflage 1, gelatinous body 1,
(nimble swimmer 1), tentacles
a: no special abilities


You were on level 2 of the Dungeon.
You visited 1 branch of the dungeon, and saw 2 of its levels.

You collected 11 gold pieces.

Inventory:

Scrolls
 b - a scroll of teleportation {unknown}
 c - a scroll of enchant weapon {unknown}
Potions
 a - a potion of magic


   Skills:
 - Level 2.0 Dodging
 - Level 2.6 Stealth
 + Level 2.4 Spellcasting
 - Level 1.0 Transmutations
 + Level 3.6 Poison Magic


You had 3 spell levels left.
You knew the following spells:

 Your Spells              Type           Power      Damage    Failure   Level
a - Sting                 Tmut/Pois      36%        1d4       7%          1

Your spell library contained the following spells:

 Spells                   Type           Power      Damage    Failure   Level
 Poisonous Vapours        Pois/Air       16%        N/A       13%         2
 Mephitic Cloud           Conj/Pois/Air  6%         N/A       34%         3
 Olgreb's Toxic Radiance  Pois           14%        N/A       38%         4


Dungeon Overview and Level Annotations

Branches:
Dungeon (2/15) Zot: 11871

Altars:


Innate Abilities, Weirdness & Mutations

You cannot wear most types of armour.
You are amphibious.
You can wear up to eight rings at the same time.
Your skin changes colour to match your surroundings (Stealth+).
Your rubbery body absorbs attacks. (AC +1, EV +1)
((You are camouflaged when in or above water. (Stealth+)))
You have tentacles for arms and can constrict up to eight enemies at once.


Message History

Found a robe.
An adder comes into view.
Found a dagger and a hand axe.
You see here 11 gold pieces.
You now have 11 gold pieces.
The adder hisses angrily.
Casting: Sting (safe; 7% risk of failure)
Confirm with . or Enter, or press ? or * to list all spells.
You can't see any susceptible monsters within range! (Use Z to cast anyway.) Unknown command.
Casting: Sting (safe; 7% risk of failure)
Confirm with . or Enter, or press ? or * to list all spells.
You can't see any susceptible monsters within range! (Use Z to cast anyway.)
Casting: Sting (safe; 7% risk of failure)
Confirm with . or Enter, or press ? or * to list all spells.
Aiming: Sting (safe; 7% risk of failure)
Press: ? - help, Shift-Dir - straight line, f - adder
Aim: an adder (48% to hit)
The sting misses the adder.
The adder bites you.
You take 2 damage, and have 9/11 hp.
You now have 2/3 mp.
Casting: Sting (safe; 7% risk of failure)
Confirm with . or Enter, or press ? or * to list all spells.
Aiming: Sting (safe; 7% risk of failure)
Press: ? - help, Shift-Dir - straight line, f/p - adder
Aim: an adder (48% to hit)
The sting misses the adder.
The adder bites you. x2
You are lethally poisoned!
The adder poisons you!
You take 5 damage, and have 4/11 hp.
MASSIVE DAMAGE!!
You now have 1/3 mp.
Casting: Sting (safe; 7% risk of failure)
Confirm with . or Enter, or press ? or * to list all spells.
Aiming: Sting (safe; 7% risk of failure)
Press: ? - help, Shift-Dir - straight line, f/p - adder
Aim: an adder (48% to hit)
You miscast Sting.
You are very lightly contaminated with residual magic.
Nothing appears to happen.
* * * LOW HITPOINT WARNING * * *
You feel sick. The adder bites you.
You die...

...#
#..[.......P
...# #........#
##.# ##.......##
#..##
####......)###.#
#...#
#...............
..#.#
#..........####
.##.#
#..........#
.##.#
#.[........#####
....##
#.......@......#
.....##
#####..#S#####.#
......# #..#.#
......# #..#.#
......# .....#
......# #). )##
......# #. .
........# ..
..>...#.#


You could see an adder.

Vanquished Creatures
  A giant cockroach (D:1)
  A goblin (D:1)
  A hobgoblin (D:1)
  A bat (D:1)
  A rat (D:1)
5 creatures vanquished.

Notes
Turn   | Place    | Note
-------+----------+-------------------------------------------
     0 | D:1      | Psyclone the Octopode Venom Mage began the quest for the
                  | Orb.
     0 | D:1      | Reached XP level 1. HP: 11/11 MP: 3/3
    86 | D:1      | You fall into a shaft and drop 1 floor!
   128 | D:2      | Slain by an adder

Illustrated notes

Levels and vault maps discovered:
D:1:      matt_arrival_diagonals, layout_loops_ring
D:2:      layout_rooms, dreamdust_ecumenical_altar_grove, serial_park_tiny_2,
          nrook_mini_vaults, minmay_crystal_room

Action                     || total
---------------------------++-------
  Melee: Unarmed           ||    13
         Constrict         ||     3
         Tentacles         ||     2
         Punch             ||     1
   Cast: Sting             ||     5
   Stab: Sleeping          ||     1
 Armour: Skin              ||    11
  Dodge: Dodged            ||    11

Table legend: (Time is in decaauts)
 A = Elapsed time spent in this place.
 B = Non-inter-level travel time spent in this place.
 C = Inter-level travel time spent in this place.
 D = Time resting spent in this place.
 E = Time spent auto-exploring this place.
 F = Levels seen in this place.
 G = Mean time per level.
                   A        B        C        D        E       F      G
               +--------+--------+--------+--------+--------+-----+--------+
         Total |    127 |    127 |      0 |      0 |     80 |   2 |   63.5 |
       Dungeon |    127 |    127 |      0 |      0 |     80 |   2 |   63.5 |
               +--------+--------+--------+--------+--------+-----+--------+

Top non-repeatable levels by time:
     D:1: 86 daAuts
     D:2: 41 daAuts
